 Dungeon Crawl Stone Soup version 0.18.1-50-g88ac8fd (webtiles) character file.

10185 cryogenic666 the Warrior (level 11, -7/116 HPs)
             Began as a Minotaur Berserker on Sept 30, 2016.
             Was a High Priest of Trog.
             Mangled by a troll (14 damage)
             ... on level 10 of the Dungeon.
             The game lasted 00:53:32 (9844 turns).

cryogenic666 the Warrior (Minotaur Berserker)       Turns: 9844, Time: 00:53:32

Health: -7/116     AC:  6    Str: 24    XL:     11   Next: 32%
Magic:  10/10      EV: 12    Int:  5    God:    Trog [*****.]
Gold:   460        SH:  0    Dex: 10    Spells: 0 memorised, 10 levels left

rFire  . . .     SeeInvis .     B - +3 whip (flame)
rCold  . . .     Gourm    .     j - +2 robe {MR+}
rNeg   . . .     Faith    .     (no shield)
rPois  .         Spirit   .     (helmet restricted)
rElec  .         Dismiss  .     o - +0 cloak
rCorr  +         Reflect  .     (no gloves)
SustAt .         Harm     .     N - +0 pair of boots
MR     +++..                    (no amulet)
Stlth  +.........               X - ring of resist corrosion
                                (no ring)

@: very slightly contaminated, regenerating, hasted, drained, very quick,
extremely resistant to hostile enchantments, very unstealthy
A: retaliatory headbutt, horns 2
a: Berserk, Trog's Hand, Brothers in Arms, Burn Spellbooks, Renounce Religion


You were on level 10 of the Dungeon.
You worshipped Trog.
Trog was extremely pleased with you.
You were near starving.

You visited 1 branch of the dungeon, and saw 10 of its levels.

You collected 460 gold pieces.

Inventory:

Hand Weapons
 B - a +3 whip of flaming (weapon)
 U - a +4 greatsling of velocity
Missiles
 s - 44 stones (quivered)
 A - 8 javelins of penetration
Armour
 j - a +2 robe of magic resistance (worn)
 o - a +0 cloak (worn)
 N - a +0 pair of boots (worn)
Jewellery
 C - an uncursed ring of wizardry
 X - a ring of resist corrosion (right hand)
Wands
 F - a wand of lightning (10/15)
 O - a wand of lightning (8/15)
 R - a wand of paralysis (10/24)
 Y - a wand of lightning (3/15)
 Z - a wand of lightning (11/15)
Scrolls
 h - 3 scrolls of remove curse
 i - 2 scrolls of magic mapping
 l - 2 scrolls of random uselessness
 q - 3 scrolls of enchant armour
 w - 2 scrolls of enchant weapon
Potions
 e - 2 potions of brilliance {unknown}
 f - 5 potions of curing
 g - 3 potions of flight {unknown}
 k - 3 potions of magic
 r - 4 potions of might
 x - a potion of degeneration {unknown}
 z - a potion of ambrosia {unknown}
 H - 3 potions of heal wounds {unknown}
 K - 3 potions of lignification {unknown}
 T - a potion of cure mutation {unknown}
Books
 u - a book of Enchantments

   Spells                             Type                      Level
   a - Cause Fear                     Hexes                        4
   b - Yara's Violent Unravelling     Hexes/Transmutation          5
   c - Silence                        Hexes/Air                    5
   d - Deflect Missiles               Charms/Air                   6
   e - Haste                          Charms                       6
   f - Discord                        Hexes                        8
   Trog disapproves of the use of such an item.
 J - a book of Spatial Translocations

   Spells                             Type                      Level
   a - Apportation                    Translocation                1
   b - Blink                          Translocation                2
   c - Shroud of Golubria             Charms/Translocation         2
   d - Portal Projectile              Translocation                3
   e - Teleport Other                 Translocation                3
   f - Passage of Golubria            Translocation                4
   Trog disapproves of the use of such an item.
 Q - a book of Unlife

   Spells                             Type                      Level
   a - Recall                         Summoning/Translocation      3
   b - Animate Dead                   Necromancy                   4
   c - Control Undead                 Necromancy                   4
   d - Cigotuvi's Embrace             Necromancy                   5
   e - Death Channel                  Necromancy                   6
   f - Simulacrum                     Ice/Necromancy               6
   Trog disapproves of the use of such an item.
Comestibles
 a - a beef jerky
 c - 5 bread rations
 d - 4 meat rations
 n - 16 fruits
 W - 6 slices of pizza


   Skills:
 + Level 16.6(16.1) Fighting
   Level 3.6(8.2) Axes
 - Level 12.0(11.7) Maces & Flails
 - Level 2.4(2.0) Armour
 - Level 2.1(1.8) Dodging


You had 10 spell levels left.
You didn't know any spells.

Dungeon Overview and Level Annotations

Branches:
Dungeon (10/15)            Temple (0/1) D:7             Orc (0/2) D:9
   Lair: D:8-11

Altars:
Ashenzari
Cheibriados
Elyvilon
Fedhas
Gozag
Kikubaaqudgha
Makhleb
Qazlal
Ru
Sif Muna
Vehumet
Xom
Yredelemnul
The Shining One

Shops:
D:8 *


Innate Abilities, Weirdness & Mutations

You reflexively headbutt those who attack you in melee.
You have a pair of horns on your head.


Message History

You hit the troll. You burn the troll. You headbutt the troll.
The troll is moderately wounded.
You hit the troll. You burn the troll. You headbutt the troll!
The troll is heavily wounded.
The troll bites you! The troll misses you. The troll claws you!
* * * LOW HITPOINT WARNING * * *
You hit the troll but do no damage. Your headbutt misses the troll.
The troll is heavily wounded.
You closely miss the troll.
The troll is heavily wounded.
The troll bites you!
* * * LOW HITPOINT WARNING * * *
The troll claws you but does no damage. The troll claws you!
* * * LOW HITPOINT WARNING * * *
Drink which item? (? for menu, Esc to quit)
You feel yourself speed up.
You feel the effects of Trog's Hand fading.
The troll bites you but does no damage. The troll misses you.
The troll claws you!
You die...

######.## #.......##
#........########
#.....#.........##
#....##..........#
##...#...........##
##...#.............##
##...##>.............###
##....#.@....>......)....
##)...#.†T................
##.)hT##...................
#######.....##...................
......)....####..................
...........# #..................
...........## #.......<..........
............# #..................
............# #.........)........


You could see a troll.

Vanquished Creatures
  A hydra (D:9)
  Erica (D:9)
  The ghost of tourn the Blocker, a novice MiFi of Xom (D:7)
  Pikel (D:5)
  Psyche (D:9)
  Joseph (D:7)
  A polar bear (shapeshifter) (D:10)
  Sigmund (D:4)
  Eustachio (D:4)
  2 yaks (D:9)
  The ghost of Schultze the Poker, an amateur DrBe of Trog (D:3)
  Grum (D:7)
  Edmund (D:5)
  A warg (D:9)
  5 ice beasts
  5 orc warriors
  4 slaves (D:5)
  A black bear (D:6)
  A necrophage (D:10)
  A phantom (D:10)
  5 sky beasts
  6 ogres
  2 wolves
  2 centaurs
  4 big kobolds
  8 giant frogs
  3 scorpions
  10 killer bees
  7 wights
  2 electric eels
  2 giant frog zombies (D:8)
  4 crimson imps
  11 hounds
  A jelly (D:8)
  6 orc priests
  2 centaur skeletons
  2 iguanas
  8 orc wizards
  7 worker ants
  2 killer bee zombies
  2 sheep (D:9)
  Robin (D:3)
  6 adders
  5 gnolls
  3 shadow imps (D:7)
  2 oozes
  An adder skeleton (D:6)
  7 worms
  A dart slug (D:2)
  11 giant geckos
  44 orcs
  8 bats
  4 giant cockroaches
  19 goblins
  13 hobgoblins
  10 jackals
  4 quokkas
  3 ball pythons
  4 giant newts
  A jackal skeleton (D:7)
  9 kobolds
  6 rats
290 creatures vanquished.

Vanquished Creatures (others)
  An orc (D:9)
  3 plants (D:9)
4 creatures vanquished.

Grand Total: 294 creatures vanquished

Notes
Turn   | Place    | Note
--------------------------------------------------------------
     0 | D:1      | cryogenic666 the Minotaur Berserker began the quest for the Orb.
     0 | D:1      | Reached XP level 1. HP: 19/19 MP: 0/0
    53 | D:1      | Reached skill level 4 in Fighting
   207 | D:1      | Reached XP level 2. HP: 23/27 MP: 1/1
   357 | D:1      | Reached skill level 5 in Fighting
   554 | D:2      | Reached XP level 3. HP: 29/36 MP: 2/2
   577 | D:2      | Reached ** piety under Trog
   926 | D:2      | Found a basalt altar of Yredelemnul.
  1054 | D:2      | Reached XP level 4. HP: 41/44 MP: 3/3
  1193 | D:2      | Reached skill level 6 in Fighting
  1242 | D:2      | Found a snail-covered altar of Cheibriados.
  1465 | D:3      | Noticed Robin
  1481 | D:3      | Reached *** piety under Trog
  1487 | D:3      | Killed Robin
  1550 | D:3      | Noticed Schultze's ghost (amateur DrBe)
  1567 | D:3      | Killed Schultze's ghost
  1567 | D:3      | Reached skill level 8 in Fighting
  1567 | D:3      | Reached XP level 5. HP: 21/53 MP: 4/4
  1567 | D:3      | Reached XP level 6. HP: 24/61 MP: 5/5
  2215 | D:3      | Found a shimmering altar of Xom.
  2517 | D:3      | Reached skill level 9 in Fighting
  2657 | D:3      | Reached **** piety under Trog
  2870 | D:4      | Reached XP level 7. HP: 66/70 MP: 6/6
  2980 | D:4      | Noticed Sigmund
  2995 | D:4      | Killed Sigmund
  2995 | D:4      | Reached skill level 10 in Fighting
  3151 | D:4      | Noticed Eustachio
  3175 | D:4      | Killed Eustachio
  3175 | D:4      | Reached skill level 11 in Fighting
  3398 | D:5      | Entered Level 5 of the Dungeon
  3522 | D:5      | Noticed Pikel
  3553 | D:5      | Killed Pikel
  3553 | D:5      | Reached skill level 12 in Fighting
  3553 | D:5      | Reached XP level 8. HP: 26/85 MP: 7/7
  3832 | D:5      | Found a blossoming altar of Fedhas.
  3900 | D:5      | Found a radiant altar of Vehumet.
  4016 | D:5      | Reached skill level 13 in Fighting
  4198 | D:5      | Noticed Edmund
  4211 | D:5      | Killed Edmund
  4306 | D:5      | Reached skill level 1 in Maces & Flails
  4306 | D:5      | Reached XP level 9. HP: 64/94 MP: 8/8
  5015 | D:6      | Found a white marble altar of Elyvilon.
  5102 | D:6      | Reached ***** piety under Trog
  5167 | D:6      | Reached skill level 5 in Maces & Flails
  5193 | D:6      | Found Xoaz Jet's Magic Scroll Shoppe.
  5741 | D:7      | Found a burning altar of Makhleb.
  5741 | D:7      | Noticed tourn's ghost (novice MiFi)
  5750 | D:7      | Killed tourn's ghost
  5874 | D:7      | Noticed Joseph
  5904 | D:7      | Killed Joseph
  5904 | D:7      | Reached skill level 10 in Maces & Flails
  5904 | D:7      | Reached XP level 10. HP: 11/102 MP: 9/9
  6221 | D:7      | Found a staircase to the Ecumenical Temple.
  6484 | D:7      | Found a stormy altar of Qazlal.
  6544 | D:7      | Found an ancient bone altar of Kikubaaqudgha.
  6847 | D:7      | Found a deep blue altar of Sif Muna.
  6907 | D:7      | Found an opulent altar of Gozag.
  7047 | D:8      | Noticed Grum
  7062 | D:7      | Killed Grum
  7306 | D:8      | Found Qobron's General Store.
  7399 | D:8      | Got a distressingly furry robe
  7435 | D:8      | Identified the +1 robe of the Cast Vote {rF+} (You found it on level 8 of the Dungeon)
  7536 | D:8      | Found a white marble altar of Elyvilon.
  7791 | D:8      | Found a shattered altar of Ashenzari.
  7877 | D:8      | Reached skill level 14 in Fighting
  7900 | D:8      | Found a sacrificial altar of Ru.
  8183 | D:9      | Noticed Erica
  8201 | D:9      | Killed Erica
  8286 | D:9      | Reached skill level 15 in Fighting
  8329 | D:9      | Received a gift from Trog
  8408 | D:9      | Noticed a two-headed hydra
  8430 | D:9      | Killed a two-headed hydra
  8430 | D:9      | Reached XP level 11. HP: 74/114 MP: 10/10
  8530 | D:9      | Found a glowing golden altar of the Shining One.
  8563 | D:9      | Found a staircase to the Orcish Mines.
  8633 | D:9      | Noticed Psyche
  8654 | D:9      | Killed Psyche
  8792 | D:9      | Reached skill level 16 in Fighting
  9315 | D:10     | Entered Level 10 of the Dungeon
  9844 | D:10     | Mangled by a troll

Skill      XL: |  1  2  3  4  5  6  7  8  9 10 11 |
---------------+----------------------------------+-----
Fighting       | 4 5 8 9 12 13 15 16 | 16.6
Maces & Flails | 1 10 12 | 12.0
Axes           | |  3.6
Armour         | |  2.4
Dodging        | |  2.1

Action                   |  1- 3 |  4- 6 |  7- 9 | 10-12 || total
-------------------------+-------+-------+-------+-------++-------
Melee: Hand axe          |    80 |       |       |       ||    80
       Headbutt          |    15 |    17 |    61 |    83 ||   176
       Whip              |       |   120 |   215 |   369 ||   704
       Mace              |       |    21 |    57 |       ||    78
 Fire: Greatsling        |       |       |       |     1 ||     1
Throw: Stone             |       |    10 |     2 |     7 ||    19
Invok: Berserk           |       |     3 |     9 |     4 ||    16
       Trog's Hand       |       |     2 |     3 |     6 ||    11
  Use: Scroll            |       |     1 |    12 |     7 ||    20
       Potion            |       |       |       |     2 ||     2
  Eat: Chunk             |       |    10 |    14 |    16 ||    40
       Bread ration      |       |       |     1 |       ||     1
       Fruit             |       |       |       |     1 ||     1
Armor: Animal skin       |    11 |    20 |       |       ||    31
       Robe              |       |     4 |    51 |    56 ||   111
Dodge: Dodged            |    57 |    80 |   110 |   128 ||   375
